 Zot Defence DCSS version 0.15.2 (webtiles) character file.

64 equalderp2856 the Scratcher (level 3, -8/17 HPs)
             Began as a Felid Fighter on Feb 19, 2017.
             Mangled by Toiduwn the hell hound (12 damage)
             ... in the Realm of Zot (Scenario I: Hall of Zot).
             The game lasted 00:01:37 (510 turns).

equalderp2856 the Scratcher (Felid Fighter)          Turns: 510, Time: 00:01:37

HP  -8/17        AC  1     Str 13      XL: 3   Next: 91%
MP   5/5         EV 19     Int  9      God:
Gold 0           SH  0     Dex 15      Spells:  0 memorised,  2 levels left
Lives: 0, deaths: 0

rFire  . . .     SeeInvis +     g - potion of heal wounds
rCold  . . .     Clarity  .     (armour unavailable)
rNeg   . . .     rCorr    .     (shield unavailable)
rPois  .         rRot     .     (helmet unavailable)
rElec  .         Spirit   .     (cloak unavailable)
SustAb .         Warding  .     (gloves unavailable)
rMut   .         Stasis   .     (boots unavailable)
Gourm  .                        (no amulet)
MR     .....                    (no ring)
                                (no ring)

@: quick, not resistant to hostile enchantments, unstealthy
A: paw claws, no armour, no weapons or thrown items, fangs 3, see invisible,
carnivore 3, speed 1, shaggy fur 1, slow metabolism 1, jump 1
a: Make oklob sapling, Make arrow trap, Jump Attack


You were in the Realm of Zot.
You were not hungry.

You visited 1 branch

Inventory:

Comestibles
 f - a meat ration
Scrolls
 k - a scroll of blinking
Potions
 d - 3 potions of curing
 e - a potion of might
 g - a potion of heal wounds (in mouth)
 h - a potion of haste
 i - 2 potions of magic
 j - a potion of berserk rage


   Skills:
 + Level 3.5 Fighting
 + Level 4.2 Dodging
 + Level 5.1 Unarmed Combat


You had 2 spell levels left.
You didn't know any spells.

Dungeon Overview and Level Annotations

Branches:
    Zot (1/1)

Altars:


Innate Abilities, Weirdness & Mutations

You cannot wear armour.
You are incapable of wielding weapons or throwing items.
Your paws have sharp claws.
You have razor-sharp teeth.
You have supernaturally acute eyesight.
You are carnivorous and can eat meat at any time.
You cover ground quickly.
You are covered in fur (AC +1).
You have a slow metabolism.
You can jump attack at a short distance.


Message History

[Y]es or [N]o only, please.
Really attack while wielding your potion of heal wounds? [Y]es or [N]o only, please.
Really attack while wielding your potion of heal wounds? [Y]es or [N]o only, please.
Really attack while wielding your potion of heal wounds? [Y]es or [N]o only, please.
Really attack while wielding your potion of heal wounds? [Y]es or [N]o only, please.
Really attack while wielding your potion of heal wounds? [Y]es or [N]o only, please.
Really attack while wielding your potion of heal wounds? [Y]es or [N]o only, please.
Really attack while wielding your potion of heal wounds? [Y]es or [N]o only, please.
Really attack while wielding your potion of heal wounds?
You barely miss Toiduwn. Toiduwn misses you. Toiduwn barely misses you.
Toiduwn bites you!
Ouch! That really hurt!
You die...

....#### ####.... #########
######### ........### ###........
....##....## ##....##....
.....###...###########...###.....
......###......)h.......###......
......# ##.............## #......
......# #......%......# #......
......# ##.....@.....## #......
......# #.....h.....# #......
......# ##...........## #......
.....## #.............# ##.....
....## ##.............## ##....
...## #......<.<......# ##...
###▓▓▓ ########<######## ▓▓▓###
▓▓∆▓▓ ### ▓▓∆▓▓ ▓∆∆∆▓ ▓∆∆∆▓


You could see Toiduwn the hell hound and a jackal.

Vanquished Creatures
  2 oozes (Zot)
  A ball python (Zot)
  5 giant cockroaches (Zot)
  6 goblins (Zot)
  6 bats (Zot)
  A giant newt (Zot)
  4 jackals (Zot)
  3 rats (Zot)
28 creatures vanquished.

Notes
Turn   | Place    | Note
--------------------------------------------------------------
     0 | Zot      | equalderp2856, the Felid Fighter, began the quest for the Orb.
     0 | Zot      | Reached XP level 1. HP: 10/10 MP: 2/2
   191 | Zot      | Reached XP level 2. HP: 11/14 MP: 3/3
   259 | Zot      | Reached XP level 3. HP: 15/17 MP: 5/5
   396 | Zot      | Reached skill level 5 in Unarmed Combat
   502 | Zot      | Noticed Toiduwn
   510 | Zot      | Mangled by Toiduwn the hell hound

Action                   || total
-------------------------++-------
Melee: Unarmed           ||    70
